 Dungeon Crawl Stone Soup version 0.30-a0-1161-g0704695555 (webtiles) character file.

Game seed: 5043258912749020863

95 Dittersdorf the Shield-Bearer (level 4, -1/29 HPs)
             Began as a Gargoyle Fighter on Apr 27, 2023.
             Slain by a thrashing horror (9 damage)
             ... on level 3 of the Abyss.
             The game lasted 00:02:22 (2207 turns).

Dittersdorf the Shield-Bearer (Gargoyle Fighter)    Turns: 2207, Time: 00:02:22

Health: -1/29      AC: 11    Str: 20      XL:     4   Next: 65%
Magic:  3/3        EV:  9    Int:  6 (8)  God:
Gold:   119        SH:  4    Dex:  9      Spells: 3/3 levels left

rFire   . . .        a - +0 flail
rCold   . . .        c - +0 buckler
rNeg    + . .        b - +0 scale mail
rPois   ∞            (no helmet)
rElec   +            g - +0 cloak
rCorr   .            (no gloves)
SInv    .            (no boots)
Will    .....        (no amulet) Stlth
                     (no ring)
HPRegen 0.24/turn    (no ring)
MPRegen 0.08/turn

%: no passive effects
@: no status effects
A: sickness immunity, AC +3, negative energy resistance 1, electricity
resistance, torment resistance 1, petrification resistance, low MP 1, weak 1
a: no special abilities


You were on level 3 of the Abyss.
You visited 1 branch of the dungeon, and saw 3 of its levels.
You visited the Abyss 1 time.

You collected 119 gold pieces.

Inventory:

Hand Weapons
 a - a +0 flail (weapon)
Armour
 b - a +0 scale mail (worn)
 c - a +0 buckler (worn)
 g - a +0 cloak (worn)
 h - a +0 plate armour
Scrolls
 f - 2 scrolls of poison {unknown}
 j - a scroll of identify {unknown}
 k - a scroll of immolation {unknown}
 l - a scroll of noise {unknown}
 m - a scroll of butterflies {unknown}
 n - a scroll of enchant weapon {unknown}
Potions
 d - a potion of might
 e - a potion of degeneration {unknown}
 i - 2 potions of curing {unknown}
 o - a potion of brilliance {unknown}


   Skills:
 + Level 4.0 Fighting
 + Level 2.9 Maces & Flails
 + Level 4.0 Armour
 + Level 4.0 Shields


You had 3 spell levels left.
You didn't know any spells.
Your spell library was empty.

Dungeon Overview and Level Annotations

Branches:
Dungeon (3/15)

Altars:


Innate Abilities, Weirdness & Mutations

You are immune to sickness and miasma.
Your stone body is resilient. (AC +3)
You are immune to poison.
You resist negative energy. (rN+)
You are resistant to electric shocks. (rElec)
You are resistant to unholy torment.
You are immune to petrification.
Your magical capacity is low. (-10% MP)
You are weak. (Str -2)


Message History

As you open the door, it creaks loudly!
There is an open door here.
Found a gateway leading deeper into the Abyss.
The neqoxec shouts!
The neqoxec gestures at you.
Strange energies course through your body.
You feel less energetic. The neqoxec gestures at you.
Strange energies course through your body.
You feel weaker. The neqoxec gestures at you.
You feel dopey. Something feeds on your intellect!
There is an open door here.
There is a gateway leading deeper into the Abyss here.
You plunge deeper into the Abyss.
Found a gateway leading deeper into the Abyss.
There is a gateway leading deeper into the Abyss here.
You plunge deeper into the Abyss.
The abyssal rune of Zot can be found at this depth.
A revenant comes into view.
The revenant shouts!
A bone dragon comes into view.
A thrashing horror comes into view.
The thrashing horror roars!
The thrashing horror barely misses you.
The thrashing horror tramples you but does no damage.
A smoke demon comes into view.
The smoke demon roars!
You block the thrashing horror's attack.
The thrashing horror tramples you but does no damage.
The thrashing horror tramples you!
You stumble backwards!
The thrashing horror attacks as you move away!
The thrashing horror tramples you! The thrashing horror tramples you.
The thrashing horror tramples you but does no damage. x2
The thrashing horror tramples you.
You hold your ground!
The thrashing horror tramples you.
* * * LOW HITPOINT WARNING * * *
You hold your ground!
The thrashing horror tramples you!
You die...

#. .. ##. ...##..
#.# ##.#3
....###..# #..#.#
#.......# #..
.#....#..#
#.##.##....#.
#...D........
##.X#.##.##
#.@#.#D..##
##.##z#...### #
#..##.###.#..##...
..#.#..#.........#
###.# #.# .##.#.#.
##... .# # . .####
.###..### #
#....#.#


You could see a bone dragon and a thrashing horror.

Vanquished Creatures
  4 gnolls (D:2)
  An adder (D:2)
  A dart slug (D:2)
  An orc (D:3)
  2 bats
  3 endoplasms
  3 giant cockroaches
  2 goblins (D:1)
  3 hobgoblins
  4 jackals (D:1)
  4 kobolds (D:1)
  A quokka (D:1)
  5 ball pythons (D:1)
  2 frilled lizards (D:1)
  4 rats
40 creatures vanquished.

Notes
Turn   | Place    | Note
-------+----------+-------------------------------------------
     0 | D:1      | Dittersdorf the Gargoyle Fighter began the quest for the
                  | Orb.
     0 | D:1      | Reached XP level 1. HP: 14/14 MP: 1/1
   178 | D:1      | Reached XP level 2. HP: 6/19 MP: 2/2
   642 | D:1      | Reached XP level 3. HP: 23/23 MP: 3/3
   769 | D:1      | You fall into a shaft and drop 1 floor!
  1204 | D:2      | Reached XP level 4. HP: 26/29 MP: 4/4
  1442 | D:2      | Found a faded altar of an unknown god.
  2119 | Abyss:1  | Cast into level 1 of the Abyss (orc)
  2122 | Abyss:1  | Found a corrupted altar of Lugonu.
  2147 | Abyss:1  | Noticed a neqoxec
  2148 | Abyss:1  | Gained mutation: Your magical capacity is low. (-10% MP) [a
                  | neqoxec]
  2149 | Abyss:1  | Gained mutation: You are weak. (Str -2) [a neqoxec]
  2159 | Abyss:3  | Noticed a revenant
  2188 | Abyss:3  | Noticed a bone dragon
  2201 | Abyss:3  | Noticed a thrashing horror
  2204 | Abyss:3  | Noticed a smoke demon
  2207 | Abyss:3  | Slain by a thrashing horror

Illustrated notes

Levels and vault maps discovered:
D:1:      minmay_arrival_three_doors, layout_loops_corners, minivault_27
D:2:      layout_loops_ring, nicolae_ecumenical_lake_church
D:3:      layout_basic, mainiacjoe_overflow_big_doors, serial_corexii_hall,
          chequers_hall_statues_y, chequers_hall_statues_wall_a, uniq_grinder
Abyss:3:  base: D:2, spicy_abyss_pitcher_plant, spicy_abyss_pitcher_plant,
          hangedman_decor_peaks_small

Skill      XL: |  1  2  3  4 |
---------------+-------------+-----
Shields        | 4 |  4.0
Fighting       | 4 |  4.0
Armour         | 4 |  4.0
Maces & Flails | |  2.9

Action                     |  1- 3 |  4- 6 || total
---------------------------+-------+-------++-------
  Melee: Flail             |   110 |    38 ||   148
 Armour: Scale mail        |    61 |    22 ||    83
  Dodge: Dodged            |    53 |    17 ||    70
  Block: Buckler           |    22 |     8 ||    30

Table legend: (Time is in decaauts)
 A = Elapsed time spent in this place.
 B = Non-inter-level travel time spent in this place.
 C = Inter-level travel time spent in this place.
 D = Time resting spent in this place.
 E = Time spent auto-exploring this place.
 F = Levels seen in this place.
 G = Mean time per level.
                   A        B        C        D        E       F      G
               +--------+--------+--------+--------+--------+-----+--------+
         Total |   2253 |   2162 |     91 |     39 |   1678 |   6 |  375.5 |
       Dungeon |   2165 |   2074 |     91 |     39 |   1678 |   3 |  721.7 |
         Abyss |     87 |     87 |      0 |      0 |      0 |   3 |   29.0 |
               +--------+--------+--------+--------+--------+-----+--------+

Top non-repeatable levels by time:
     D:2: 993 daAuts
     D:1: 980 daAuts
     D:3: 191 daAuts
 Abyss:3: 48 daAuts
 Abyss:1: 35 daAuts
 Abyss:2: 3 daAuts
